 Dungeon Crawl Stone Soup version 0.25-a0-353-ged6d54792d (webtiles) character file.

Game seed: 13382688171993535672, levelgen mode: deterministic

401 Inarius the Chopper (level 6, -5/46 HPs)
             Began as a Mummy Gladiator on Jan 2, 2020.
             Was an Initiate of Gozag.
             Slain by an ogre
             ... wielding a +0 giant club
              (16 damage)
             ... on level 4 of the Dungeon.
             The game lasted 00:05:28 (4763 turns).

Inarius the Chopper (Mummy Gladiator)               Turns: 4763, Time: 00:05:29

Health: -5/46      AC: 10    Str: 19    XL:     6   Next: 54%
Magic:  2/2        EV:  8    Int:  7    God:    Gozag
Gold:   257        SH:  0    Dex: 14    Spells: 5/5 levels left

rFire    . . .     SeeInvis .   o - +6 quarterstaff of Tiepelar {antimagic, rPois rF+ rC+}
rCold    + + .     Gourm    .   (shield currently unavailable)
rNeg     + + +     Faith    .   b - +0 chain mail
rPois    ∞         Spirit   .   c - +0 helmet
rElec    .         Reflect  .   (no cloak)
rCorr    +         Harm     .   (no gloves)
MR       .....                  (no boots)
Stlth    ..........             (no amulet)
HPRegen  0.15/turn              k - ring of resist corrosion
MPRegen  0.08/turn              (no ring)

@: gold aura
A: no food or potions, fire vulnerability, cold resistance 1, negative energy
resistance 3, torment resistance, unbreathing
a: Potion Petition, Call Merchant, Bribe Branch, Renounce Religion


You were on level 4 of the Dungeon.
You worshipped Gozag.
Gozag was aware of your devotion.
You were not hungry.

You visited 2 branches of the dungeon, and saw 6 of its levels.

You collected 319 gold pieces.
You paid 62 gold pieces to Gozag.

Inventory:

Hand Weapons
 a - a +0 war axe
 o - the +6 quarterstaff of Tiepelar (weapon) {antimagic, rPois rF+ rC+}
   (You found it on level 5 of the Dungeon)

   It reduces the magical energy of the wielder, and disrupts the spells and
   magical abilities of those hit.
   Natural abilities and divine invocations are not affected.
   It protects you from fire.
   It protects you from cold.
   It protects you from poison.
Missiles
 d - 3 throwing nets (quivered)
Armour
 b - a +0 chain mail (worn)
 c - a +0 helmet (worn)
 h - a +1 ring mail of poison resistance
 l - a +2 buckler
Jewellery
 k - a ring of resist corrosion (left hand)
Scrolls
 e - 3 scrolls of teleportation
 f - a scroll of immolation {unknown}
 g - 2 scrolls of fear {unknown}
 i - a scroll of magic mapping {unknown}
 j - a scroll of amnesia {unknown}
 m - 5 scrolls of identify
 n - 5 scrolls of remove curse


   Skills:
 + Level 2.8 Fighting
 * Level 4.9 Axes
 - Level 1.5 Throwing
 * Level 2.8 Armour
 - Level 2.4 Dodging
 + Level 0.5 Shields


You had 5 spell levels left.
You didn't know any spells.
Your spell library contained the following spells:

 Spells                   Type           Power        Failure   Level  Hunger
 Summon Butterflies       Summ           #.......     99%         1    N/A
 Shroud of Golubria       Chrm/Tloc      #.....       100%        2    N/A
 Ozocubu's Armour         Chrm/Ice       #.......     100%        3    N/A
 Regeneration             Chrm/Necr      Unusable     N/A         3    N/A

Dungeon Overview and Level Annotations

Branches:
Dungeon (5/15)             Temple (1/1) D:4

Altars:
Ashenzari
Cheibriados
Dithmenos
Elyvilon
Fedhas
Gozag
Hepliaklqana
Kikubaaqudgha
Makhleb
Nemelex Xobeh
Okawaru
Qazlal
Ru
Sif Muna
Trog
Uskayaw
Vehumet
Xom
Yredelemnul
Zin
The Shining One

Annotations:
D:4 Sigmund


Innate Abilities, Weirdness & Mutations

You do not eat or drink.
Your flesh is vulnerable to fire.
You are immune to poison.
Your flesh is cold resistant. (rC+)
You are immune to negative energy. (rN+++)
You are immune to unholy pain and torment.
You can survive without breathing.


Message History

The orc wizard flickers and vanishes!
Deactivating autopickup; reactivate with Ctrl-A.
The ogre hits you with a +0 giant club!!
The adder bites you but does no damage.
There is a stone staircase leading up here.
The orc priest mumbles some strange prayers to Beogh against you.
Beogh smites you! The adder bites you but does no damage.
The ogre hits you but does no damage.
You climb upwards.
Level annotation: Sigmund Reactivating autopickup.
There is a stone staircase leading down here.
The adder misses you. The adder bites you but does no damage.
The adder bites you.
* * * LOW HITPOINT WARNING * * *
You thump the adder!
You kill the adder!
The ogre hits you with a +0 giant club!
You die...
Your body crumbles into a pile of gold.

#...#.#######..
#..##.#######..
#...#..........
#####.#..######..#.
#.........# ##...#.
########.>.....#.# #..#...
#.............<#.# #.####.
#.#######O######.# #...###
#.#.#>#.#@## #.# ###....
#..........# #.# ####.
#.#.#.#.#.## #.## ##
#..........### #..###
#.#.#.#.#.#..# ##...#
#..........#.######.#####
###.#.#.#.##....###.....##
#.........####...[..##...
##.#.#.#.##.....###.#####


You could see an ogre.

Vanquished Creatures
  A howler monkey (D:4)
  A bullfrog zombie (D:2)
  A jelly (D:5)
  A gnoll shaman (Temple)
  An orc wizard (D:5)
  A bullfrog skeleton (D:4)
  An iguana (Temple)
  3 gnolls (D:4)
  7 adders
  A shadow imp (D:3)
  2 oozes
  2 worms (D:2)
  A dart slug (D:1)
  A leopard gecko (D:2)
  7 orcs
  5 bats
  6 giant cockroaches
  2 hobgoblins
  A jackal (D:4)
  10 kobolds
  3 quokkas
  3 ball pythons
  2 frilled lizards
  8 goblins
  2 jackal skeletons
  7 rats
80 creatures vanquished.

Notes
Turn   | Place    | Note
-------+----------+-------------------------------------------
     0 | D:1      | Inarius the Mummy Gladiator began the quest for the Orb.
     0 | D:1      | Reached XP level 1. HP: 16/16 MP: 1/1
   505 | D:1      | Reached XP level 2. HP: 22/22 MP: 2/2
   704 | D:1      | Reached skill level 3 in Axes
  1369 | D:2      | Reached skill level 1 in Armour
  1369 | D:2      | Reached XP level 3. HP: 22/27 MP: 3/3
  1821 | D:2      | Reached XP level 4. HP: 33/33 MP: 4/4
  2509 | D:3      | Reached skill level 4 in Axes
  2569 | D:3      | Reached XP level 5. HP: 38/39 MP: 5/5
  3245 | D:4      | Found a staircase to the Ecumenical Temple.
  3275 | Temple   | Entered the Ecumenical Temple
  3446 | Temple   | Became a worshipper of Gozag Ym Sagoz the Greedy
  3984 | D:4      | Reached XP level 6. HP: 45/46 MP: 6/6
  4038 | D:4      | Identified the Reference Book on Boosting Summoning
  4090 | D:4      | Noticed Sigmund
  4373 | D:5      | Entered Level 5 of the Dungeon
  4415 | D:5      | Got a smoking quarterstaff
  4428 | D:5      | Identified the +6 quarterstaff of Tiepelar {antimagic,
                  | rPois rF+ rC+} (You found it on level 5 of the Dungeon)
  4461 | D:5      | HP: 1/46 [orc priest/divine providence (14)]
  4763 | D:4      | Slain by an ogre

Levels and vault maps discovered:
D:1:      lemuel_arrival_hallway, layout_loops_ring
D:2:      layout_basic, minmay_pentomino_pile
D:3:      layout_loops_cross, first_ration
D:4:      layout_rooms, minmay_temple_entry_junction, st_stairs_9, uniq_sigmund
D:5:      layout_cave_pools, serial_shops, kennysheep_mini_moat,
          uniq_blork_the_orc
Temple:   kilobyte_greek_temple

Skill      XL: |  1  2  3  4 |
---------------+-------------+-----
Axes           | 3 4 |  4.9
Armour         | 1 2 |  2.8
Fighting       | |  2.8
Throwing       | |  1.5
Dodging        | |  2.4
Shields        | |  0.5

Action                   |  1- 3 |  4- 6 || total
-------------------------+-------+-------++-------
Melee: War axe           |    97 |   238 ||   335
       Quarterstaff      |       |    10 ||    10
  Use: Scroll            |       |     3 ||     3
Armor: Ring mail         |    24 |       ||    24
       Leather armour    |     2 |       ||     2
       Chain mail        |    15 |   160 ||   175
Dodge: Dodged            |    59 |   116 ||   175
Block: Buckler           |       |    40 ||    40

Table legend:
 A = Non-vault XP
 B = Vault XP
 C = Vault XP percentage of total XP
 D = Non-vault monster count
 E = Vault monster count
 F = Vault count percentage of total count
                 A         B        C        D         E       F
            +---------+---------+-------+---------+---------+-------
      Total |     534 |      40 |   7.0 |      76 |       4 |   5.0
            +---------+---------+-------+---------+---------+-------
        D:1 |      26 |       0 |   0.0 |      16 |       0 |   0.0
        D:2 |      99 |       3 |   2.9 |      17 |       2 |  10.5
        D:3 |      99 |       0 |   0.0 |      23 |       0 |   0.0
        D:4 |     146 |      37 |  20.2 |      13 |       2 |  13.3
        D:5 |      89 |       0 |   0.0 |       5 |       0 |   0.0
     Temple |      75 |       0 |   0.0 |       2 |       0 |   0.0
            +---------+---------+-------+---------+---------+-------
